PAA
OLYMPIA OGRES @ NORTHVILLE ECLIPSE
09/02/2048
 
TOP OF THE 1ST
Olympia Ogres batting - Pitching for Northville Eclipse : LHP Dan Woods
Pitching: LHP Dan Woods
Batting: RHB Seung-hun Kim 0-0: Foul Ball, location: 2F
0-1: Ball
1-1: Ball
2-1: Fly out, F6 (Line Drive, 6, EV 70.6 MPH)
Batting: SHB Ramón Cervantes 0-0: Ball
1-0: Foul Ball, location: 2F
1-1: Fly out, F7 (Flyball, 78D, EV 100.0 MPH)
Batting: RHB Tony Mendoza 0-0: Foul Ball, location: 2F
0-1: Ball
1-1: Ball
2-1: Foul Ball, location: 2F
2-2: Ball
3-2: Base on Balls
Batting: RHB Jon Himes 0-0: Ball
1-0: Called Strike
1-1: Ground out U3 (Groundball, 13, EV 89.4 MPH)
Top of the 1st over - 0 runs, 0 hits, 0 errors, 1 left on base; Olympia 0 - Northville 0
BOTTOM OF THE 1ST
Northville Eclipse batting - Pitching for Olympia Ogres : RHP Mike Wheeler
Pitching: RHP Mike Wheeler
Batting: RHB Ron Whelan 0-0: Swinging Strike
0-1: Foul Ball, location: 2F
0-2: Foul Ball, location: 2F
0-2: Ball
1-2: Ground out 4-3 (Groundball, 4, EV 102.5 MPH)
Batting: RHB Esteban Costello 0-0: Ground out 6-3 (Groundball, 6, EV 103.8 MPH)
Batting: SHB António Marquis 0-0: Ball
1-0: Ball
2-0: Ball
3-0: Called Strike
3-1: Base on Balls
Batting: LHB Norberto Pacheco 0-0: Called Strike
António Marquis steals 2nd base (no throw)
0-1: Ball
1-1: Called Strike
1-2: Ball
2-2: Strikes out swinging
Bottom of the 1st over - 0 runs, 0 hits, 0 errors, 1 left on base; Olympia 0 - Northville 0
TOP OF THE 2ND
Olympia Ogres batting - Pitching for Northville Eclipse : LHP Dan Woods
Batting: RHB Jorge Villarreal 0-0: Called Strike
0-1: Ball
1-1: Called Strike
1-2: Foul Ball, location: 2F
1-2: Strikes out swinging
Batting: RHB António Taváres 0-0: SINGLE (Groundball, 56D, EV 96.2 MPH)
Batting: RHB José Morales 0-0: Ball
1-0: Swinging Strike
1-1: Swinging Strike
1-2: Foul Ball, location: 2F
1-2: Strikes out swinging
Batting: RHB António Sierra 0-0: Ball
1-0: Foul Ball, location: 2F
1-1: 2-RUN HOME RUN (Flyball, 78XD, EV 107.5 MPH), Distance : 446 ft
Batting: RHB Maurice Hinkle 0-0: Foul Ball, location: 2F
0-1: Ground out 6-3 (Groundball, 56, EV 83.8 MPH)
Top of the 2nd over - 2 runs, 2 hits, 0 errors, 0 left on base; Olympia 2 - Northville 0
BOTTOM OF THE 2ND
Northville Eclipse batting - Pitching for Olympia Ogres : RHP Mike Wheeler
Batting: RHB Ricardo Vásquez 0-0: Foul Ball, location: 2F
0-1: Foul Ball, location: 2F
0-2: Foul Ball, location: 2F
0-2: Strikes out swinging
Batting: SHB Tom Lenehan 0-0: Ball
1-0: Ball
2-0: Ball
3-0: Base on Balls
Batting: RHB Greg Mooney 0-0: Ball
1-0: Called Strike
1-1: Foul Ball, location: 2F
1-2: Fly out, F9 (Line Drive, 9, EV 107.5 MPH)
Batting: RHB Manuel Marín 0-0: Called Strike
0-1: Called Strike
0-2: SINGLE (Groundball, 34, EV 101.2 MPH)
Tom Lenehan to second
Tom Lenehan to third
Batting: RHB Yuk Ye 0-0: Foul Ball, location: 2F
0-1: Swinging Strike
0-2: Ball
1-2: Ball
2-2: Foul Ball, location: 2F
2-2: Ball
3-2: DOUBLE (Line Drive, 8LXD, EV 105.6 MPH)
Tom Lenehan scores
Manuel Marín to third
Manuel Marín scores
Batting: RHB Ron Whelan 0-0: Ball
1-0: Ground out 6-3 (Groundball, 6, EV 82.5 MPH)
Bottom of the 2nd over - 2 runs, 2 hits, 0 errors, 1 left on base; Olympia 2 - Northville 2
TOP OF THE 3RD
Olympia Ogres batting - Pitching for Northville Eclipse : LHP Dan Woods
Batting: RHB Seung-hun Kim 0-0: Called Strike
0-1: Called Strike
0-2: Strikes out swinging
Batting: SHB Ramón Cervantes 0-0: Foul Ball, location: 2F
0-1: Ground out 6-3 (Groundball, 6M, EV 83.1 MPH)
Batting: RHB Tony Mendoza 0-0: Ball
1-0: Ball
2-0: Fly out, F8 (Flyball, 8RD, EV 100.6 MPH)
Top of the 3rd over - 0 runs, 0 hits, 0 errors, 0 left on base; Olympia 2 - Northville 2
BOTTOM OF THE 3RD
Northville Eclipse batting - Pitching for Olympia Ogres : RHP Mike Wheeler
Batting: RHB Esteban Costello 0-0: Called Strike
0-1: Fly out, F9 (Line Drive, 9, EV 91.2 MPH)
Batting: SHB António Marquis 0-0: Fly out, F7 (Flyball, 78XD, EV 105.0 MPH)
Batting: LHB Norberto Pacheco 0-0: Ball
1-0: Ball
2-0: Swinging Strike
2-1: Swinging Strike
2-2: Strikes out swinging
Bottom of the 3rd over - 0 runs, 0 hits, 0 errors, 0 left on base; Olympia 2 - Northville 2
TOP OF THE 4TH
Olympia Ogres batting - Pitching for Northville Eclipse : LHP Dan Woods
Batting: RHB Jon Himes 0-0: Called Strike
0-1: Ground out 6-3 (Groundball, 56, EV 89.4 MPH)
Batting: RHB Jorge Villarreal 0-0: Ball
1-0: Foul Ball, location: 2F
1-1: Swinging Strike
1-2: Ball
2-2: Foul Ball, location: 2F
2-2: Foul Ball, location: 2F
2-2: SINGLE (Line Drive, 7S, EV 106.2 MPH)
Batting: RHB António Taváres 0-0: Ball
1-0: Fielders Choice at 2nd, 1-6 (Groundball, 13, EV 73.8 MPH)
Batting: RHB José Morales 0-0: Called Strike
0-1: SINGLE (Line Drive, 34, EV 103.1 MPH)
António Taváres to second
Batting: RHB António Sierra 0-0: Called Strike
0-1: Swinging Strike
0-2: Ball
1-2: Strikes out swinging
Top of the 4th over - 0 runs, 2 hits, 0 errors, 2 left on base; Olympia 2 - Northville 2
BOTTOM OF THE 4TH
Northville Eclipse batting - Pitching for Olympia Ogres : RHP Mike Wheeler
Batting: RHB Ricardo Vásquez 0-0: Ball
1-0: Swinging Strike
1-1: Ball
2-1: Swinging Strike
2-2: Strikes out swinging
Batting: SHB Tom Lenehan 0-0: Ball
1-0: Ball
2-0: Called Strike
2-1: Fly out, F9 (Flyball, 9D, EV 99.4 MPH)
Batting: RHB Greg Mooney 0-0: Ball
1-0: Ground out 5-3 (Groundball, 56, EV 100.0 MPH)
Bottom of the 4th over - 0 runs, 0 hits, 0 errors, 0 left on base; Olympia 2 - Northville 2
TOP OF THE 5TH
Olympia Ogres batting - Pitching for Northville Eclipse : LHP Dan Woods
Batting: RHB Maurice Hinkle 0-0: Foul Ball, location: 2F
0-1: Ball
1-1: Ball
2-1: Fly out, F4 (Line Drive, 4, EV 75.6 MPH)
Batting: RHB Seung-hun Kim 0-0: Foul Ball, location: 2F
0-1: Ball
1-1: Ball
2-1: Ground out 6-3 (Groundball, 6, EV 88.8 MPH)
Batting: SHB Ramón Cervantes 0-0: Foul Ball, location: 2F
0-1: Ball
1-1: Fly out, F9 (Flyball, 9LS, EV 90.0 MPH)
Top of the 5th over - 0 runs, 0 hits, 0 errors, 0 left on base; Olympia 2 - Northville 2
BOTTOM OF THE 5TH
Northville Eclipse batting - Pitching for Olympia Ogres : RHP Mike Wheeler
Batting: RHB Manuel Marín 0-0: Called Strike
0-1: Swinging Strike
0-2: SINGLE (Groundball, 6MD, EV 95.0 MPH)
Batting: RHB Yuk Ye 0-0: Called Strike
Manuel Marín steals 2nd base
0-1: Ball
1-1: Foul Ball, location: 2F
1-2: Foul Ball, location: 2F
1-2: Ball
2-2: Foul Ball, location: 2F
2-2: Strikes out looking
Batting: RHB Ron Whelan 0-0: Ball
1-0: Called Strike
Manuel Marín steals 3rd base
1-1: Ball
2-1: Foul Ball, location: 2F
2-2: Ball
3-2: Base on Balls
Batting: RHB Esteban Costello 0-0: Ball
Ron Whelan steals 2nd base
1-0: Foul Ball, location: 2F
1-1: Foul Ball, location: 2F
1-2: Fly out, F9 (Line Drive, 9, EV 90.6 MPH)
Runner from 3rd tags up, SCORES, no throw by RF
Batting: SHB António Marquis 0-0: Called Strike
0-1: Swinging Strike
0-2: Foul Ball, location: 2F
0-2: Ball
1-2: Strikes out looking
Bottom of the 5th over - 1 run, 1 hit, 0 errors, 1 left on base; Olympia 2 - Northville 3
TOP OF THE 6TH
Olympia Ogres batting - Pitching for Northville Eclipse : LHP Dan Woods
Batting: RHB Tony Mendoza 0-0: SINGLE (Groundball, 34D, EV 105.6 MPH)
Batting: RHB Jon Himes 0-0: Called Strike
0-1: Ball
1-1: Called Strike
1-2: Ball
2-2: Foul Ball, location: 2F
2-2: Ball
3-2: SINGLE (Line Drive, 7LS, EV 107.5 MPH)
Tony Mendoza to second
Batting: RHB Jorge Villarreal 0-0: Ball
1-0: Ball
2-0: Ball
3-0: Base on Balls
Tony Mendoza to third
Jon Himes to second
Batting: RHB António Taváres 0-0: Foul Ball, location: 2F
0-1: Ball
1-1: Ball
2-1: SINGLE (Line Drive, 4MD, EV 110.0 MPH)
Tony Mendoza scores
Jon Himes to third
Jorge Villarreal to second
Batting: RHB José Morales 0-0: Ball
1-0: Ball
2-0: Foul Ball, location: 2F
2-1: Fly out, F4 (Line Drive, 4, EV 68.8 MPH)
Lined into DP, 4-6 (Line Drive, 4, EV 69.4 MPH)
Batting: RHB António Sierra 0-0: Called Strike
0-1: 3-RUN HOME RUN (Flyball, 7D, EV 95.0 MPH), Distance : 393 ft
Pitching: RHP Yuan Hsueh
Batting: RHB Maurice Hinkle 0-0: SINGLE (Groundball, 6MS, EV 63.8 MPH) (infield hit)
Batting: RHB Seung-hun Kim 0-0: Ball
1-0: Called Strike
1-1: Called Strike
1-2: SINGLE (Groundball, 4MD, EV 87.5 MPH) (infield hit)
Maurice Hinkle to second
Batting: SHB Ramón Cervantes 0-0: Swinging Strike
0-1: Ball
1-1: 3-RUN HOME RUN (Line Drive, 9D, EV 106.9 MPH), Distance : 396 ft
Pitching: RHP Andrei-Luiz Dawang
Batting: RHB Tony Mendoza 0-0: Ball
1-0: Ground out 6-3 (Groundball, 56, EV 108.8 MPH)
Top of the 6th over - 7 runs, 7 hits, 0 errors, 0 left on base; Olympia 9 - Northville 3
BOTTOM OF THE 6TH
Northville Eclipse batting - Pitching for Olympia Ogres : RHP Mike Wheeler
Batting: LHB Norberto Pacheco 0-0: Foul Ball, location: 2F
0-1: Swinging Strike
0-2: Foul Ball, location: 2F
0-2: Ball
1-2: Strikes out swinging
Batting: RHB Ricardo Vásquez 0-0: Fly out, F9 (Flyball, 9LM, EV 95.0 MPH)
Batting: SHB Tom Lenehan 0-0: Swinging Strike
0-1: Called Strike
0-2: Ball
1-2: SINGLE (Groundball, 34D, EV 106.9 MPH) (infield hit)
Pitching: RHP José Huerta
Batting: RHB Greg Mooney 0-0: Foul Ball, location: 2F
0-1: Ball
1-1: Ball
Tom Lenehan steals 2nd base
2-1: Fly out, F9 (Line Drive, 9, EV 93.1 MPH)
Bottom of the 6th over - 0 runs, 1 hit, 0 errors, 1 left on base; Olympia 9 - Northville 3
TOP OF THE 7TH
Olympia Ogres batting - Pitching for Northville Eclipse : RHP Andrei-Luiz Dawang
Batting: RHB Jon Himes 0-0: Foul Ball, location: 2F
0-1: Called Strike
0-2: Ball
1-2: Ball
2-2: Foul Ball, location: 2F
2-2: Fly out, F7 (Flyball, 78D, EV 89.4 MPH)
Batting: RHB Jorge Villarreal 0-0: Called Strike
0-1: Called Strike
0-2: Foul Ball, location: 2F
0-2: Ball
1-2: Ball
2-2: Strikes out swinging
Batting: RHB António Taváres 0-0: Called Strike
0-1: Fly out, F8 (Flyball, 8LS, EV 89.4 MPH)
Top of the 7th over - 0 runs, 0 hits, 0 errors, 0 left on base; Olympia 9 - Northville 3
BOTTOM OF THE 7TH
Northville Eclipse batting - Pitching for Olympia Ogres : RHP José Huerta
Batting: RHB Manuel Marín 0-0: Ball
1-0: Called Strike
1-1: Foul Ball, location: 2F
1-2: Foul Ball, location: 2F
1-2: Ground out 6-3 (Groundball, 4MS, EV 85.6 MPH)
Batting: RHB Yuk Ye 0-0: Foul Ball, location: 2F
0-1: Ball
1-1: Ball
2-1: Ball
3-1: Ground out 6-3 (Groundball, 6M, EV 81.2 MPH)
Batting: RHB Ron Whelan 0-0: Called Strike
0-1: Ball
1-1: Fly out, F4 (Line Drive, 4, EV 71.2 MPH)
Bottom of the 7th over - 0 runs, 0 hits, 0 errors, 0 left on base; Olympia 9 - Northville 3
TOP OF THE 8TH
Olympia Ogres batting - Pitching for Northville Eclipse : RHP Andrei-Luiz Dawang
Batting: RHB José Morales 0-0: Ball
1-0: Ball
2-0: Ball
3-0: Base on Balls
Batting: RHB António Sierra 0-0: Ball
José Morales steals 2nd base
1-0: Ball
2-0: Ball
3-0: Called Strike
3-1: Base on Balls
Batting: RHB Maurice Hinkle 0-0: Ball
1-0: Fielders Choice at 2nd, 5-4 (Groundball, 56, EV 84.4 MPH)
José Morales to third
Batting: RHB Seung-hun Kim 0-0: Called Strike
0-1: Foul Ball, location: 2F
0-2: Ball
1-2: Ball
2-2: Ball
3-2: Foul Ball, location: 2F
3-2: Foul Ball, location: 2F
3-2: Strikes out swinging
Batting: SHB Ramón Cervantes 0-0: Called Strike
0-1: Ball
Wild Pitch!
José Morales scores
Maurice Hinkle to second
1-1: Foul Ball, location: 2F
1-2: Strikes out looking
Top of the 8th over - 1 run, 0 hits, 0 errors, 1 left on base; Olympia 10 - Northville 3
BOTTOM OF THE 8TH
Northville Eclipse batting - Pitching for Olympia Ogres : RHP José Huerta
Batting: RHB Esteban Costello 0-0: Swinging Strike
0-1: Ball
1-1: Ground out U3 (Groundball, 3, EV 77.5 MPH)
Batting: SHB António Marquis 0-0: Ball
1-0: Foul Ball, location: 2F
1-1: Ground out U3 (Groundball, 3S, EV 85.6 MPH)
Batting: LHB Norberto Pacheco 0-0: Ball
1-0: DOUBLE (Flyball, 8LXD, EV 111.2 MPH)
Pinch Hitting: RHB Dong Jin 0-0: Swinging Strike
0-1: Swinging Strike
0-2: Strikes out swinging
Bottom of the 8th over - 0 runs, 1 hit, 0 errors, 1 left on base; Olympia 10 - Northville 3
TOP OF THE 9TH
Olympia Ogres batting - Pitching for Northville Eclipse : RHP Andrei-Luiz Dawang
Now at 3B: Dong Jin
Batting: RHB Tony Mendoza 0-0: Called Strike
0-1: Ball
1-1: Ball
2-1: Swinging Strike
2-2: Ball
3-2: Strikes out looking
Batting: RHB Jon Himes 0-0: Ball
1-0: Ball
2-0: Fly out, F8 (Flyball, 8RS, EV 86.2 MPH)
Batting: RHB Jorge Villarreal 0-0: Foul Ball, location: 2F
0-1: Ball
1-1: Ball
2-1: Swinging Strike
2-2: Strikes out swinging
Top of the 9th over - 0 runs, 0 hits, 0 errors, 0 left on base; Olympia 10 - Northville 3
BOTTOM OF THE 9TH
Northville Eclipse batting - Pitching for Olympia Ogres : RHP José Huerta
Batting: SHB Tom Lenehan 0-0: Called Strike
0-1: Foul Ball, location: 2F
0-2: Foul Ball, location: 2F
0-2: Ball
1-2: Ball
2-2: Foul Ball, location: 2F
2-2: Ball
3-2: DOUBLE (Popup, 56D, EV 65.6 MPH)
Pitching: LHP Erik Walton
Batting: RHB Greg Mooney 0-0: Ball
1-0: Foul Ball, location: 2F
1-1: Foul Ball, location: 2F
1-2: Strikes out looking
Batting: RHB Manuel Marín 0-0: Called Strike
0-1: Ball
1-1: Foul Ball, location: 2F
1-2: Ground out 5-3 (Groundball, 56, EV 84.4 MPH)
Batting: RHB Yuk Ye 0-0: Foul Ball, location: 2F
0-1: Fly out, F9 (Flyball, 9D, EV 102.5 MPH)
Bottom of the 9th over - 0 runs, 1 hit, 0 errors, 1 left on base; Olympia 10 - Northville 3
Monday, October 31st , 2022 - OOTP Baseball 22.12 Build 89